 Dungeon Crawl Stone Soup version 0.27-a0-46-g34d46f0a3f (webtiles) character file.

Game seed: 13697026933400296334

846490 nuthulu the Conqueror (level 27, -3/199 HPs)
             Began as a Gargoyle Fighter on Jan 6, 2021.
             Was the Champion of the Shining One.
             Killed by divine providence
             ... invoked by a daeva
              (16 damage)
             ... in Pandemonium.
             The game lasted 02:37:04 (76013 turns).

nuthulu the Conqueror (Gargoyle Fighter)           Turns: 76013, Time: 02:37:04

Health: -3/199     AC: 80    Str: 28    XL:     27
Magic:  36/36      EV: 10    Int: 13    God:    the Shining One [******]
Gold:   6839       SH: 43    Dex: 25    Spells: 53/53 levels left

rFire    + + .     SeeInvis +   l - +11 morningstar of Bagro {vorpal, rN+}
rCold    + + .     Faith    .   B - +2 tower shield {AC+3}
rNeg     + + +     Spirit   .   e - +11 crystal plate armour "Yxeudael" {rPois rCorr}
rPois    ∞         Reflect  .   (helmet restricted)
rElec    +         Harm     .   R - +2 cloak {Will+}
rCorr    +         Rampage  .   Q - +1 pair of gloves of Rennips {rC++}
Will     ++++.                  C - +2 pair of boots "Tazissux" {Regen+}
Stlth    ..........             Z - amulet "Zaloeno" {rF+ Regen+ Str+4}
HPRegen  1.23/turn              N - ring "Wuev" {rF+ rCorr Dex+7 SInv}
MPRegen  0.25/turn              q - ring of Viaschy {Will+ rCorr Dex+4}

@: mighty, divine shield, flying, glowing, studying Short Blades
A: big wings, horns 1, icy blue scales 1, molten scales 1, blurry vision 2,
clever 1, deterioration 1, low mp 1, negative energy resistance 1, electricity
resistance, weak 1, unbreathing, petrification resistance, no potion heal 1,
miasma immunity, AC +20
}: 10/15 runes: decaying, serpentine, slimy, silver, abyssal, demonic, glowing,
magical, fiery, dark
a: Stop Flying, Renounce Religion, Divine Shield, Cleansing Flame, Summon Divine
Warrior


You were in Pandemonium.
You worshipped the Shining One.
The Shining One was exalted by your worship.
You visited 11 branches of the dungeon, and saw 51 of its levels.
You visited Pandemonium 1 time, and saw 16 of its levels.
You visited the Abyss 1 time.
You visited 1 bazaar.
You also visited: Trove and Bailey.

You collected 10547 gold pieces.
You spent 3708 gold pieces at shops.

Inventory:

Hand Weapons
 l - the +11 morningstar of Bagro (weapon) {vorpal, rN+}
   (You took it off a yaktaur captain on level 1 of the Depths)

   It inflicts extra damage upon your enemies.
   It protects you from negative energy.
 s - a +5 sacred scourge of holy wrath
 L - a +9 eveningstar of holy wrath
Armour
 e - the +11 crystal plate armour "Yxeudael" (worn) {rPois rCorr}
   (Okawaru gifted it to you on level 4 of the Depths)

   It protects you from poison.
   It provides partial protection from all sources of acid and corrosion.
 B - a +2 tower shield of protection (worn)
 C - the +2 pair of boots "Tazissux" (worn) {Regen+}
   (You bought it in a shop on level 5 of the Vaults)

   It increases your rate of regeneration.
 H - a +2 helmet of see invisible
 Q - the +1 pair of gloves of Rennips (worn) {rC++}
   (You bought it in a shop on level 2 of the Orcish Mines)

   It greatly protects you from cold.
 R - a +2 cloak of willpower (worn)
 X - +0 gold dragon scales
Jewellery
 a - an uncursed ring of see invisible
 c - the ring of the Tortoise {AC+8}
   (You found it in a treasure trove)

   [ring of protection]

   It affects your AC (+8).
 i - an uncursed ring of willpower
 p - the ring of Tempters {rC+ rN+ MP+9 Int-2}
   (You found it on level 2 of the Depths)

   [ring of magical power]

   It affects your intelligence (-2).
   It protects you from cold.
   It protects you from negative energy.
   It affects your magic capacity (+9).
 q - the ring of Viaschy (right hand) {Will+ rCorr Dex+4}
   (You found it in a bailey)

   [ring of resist corrosion]

   It affects your dexterity (+4).
   It affects your willpower, your defense against some magical effects.
   It provides partial protection from all sources of acid and corrosion.
 r - the ring "Coig" {Fire rPois}
   (You took it off a balrug in Pandemonium)

   [ring of fire]

   It enhances your fire magic.
   It protects you from fire.
   It makes you vulnerable to cold.
   It protects you from poison.
 E - an uncursed ring of fire
 G - an uncursed ring of protection from cold
 K - a +4 ring of evasion
 M - an uncursed amulet of guardian spirit
 N - the ring "Wuev" (left hand) {rF+ rCorr Dex+7 SInv}
   (You bought it in a shop on level 3 of the Depths)

   [ring of resist corrosion]

   It affects your dexterity (+7).
   It protects you from fire.
   It lets you see invisible.
   It provides partial protection from all sources of acid and corrosion.
 O - an uncursed ring of ice
 U - the ring "Rarenku" {rPois Will+ AC+4 Str-5 Int+7}
   (You found it on level 2 of the Snake Pit)

   [ring of protection]

   It affects your AC (+4).
   It affects your strength (-5).
   It affects your intelligence (+7).
   It protects you from poison.
   It affects your willpower, your defense against some magical effects.
 Z - the amulet "Zaloeno" (around neck) {rF+ Regen+ Str+4}
   (You bought it in a shop in a bazaar)

   [amulet of regeneration]

   It affects your strength (+4).
   It protects you from fire.
   It increases your rate of regeneration.
Wands
 v - a wand of digging (2)
 z - a wand of disintegration (43)
 D - a wand of flame (121)
 F - a wand of acid (18)
 J - a wand of iceblast (13)
Scrolls
 f - 24 scrolls of teleportation
 h - 17 scrolls of remove curse
 m - 15 scrolls of identify
 n - 15 scrolls of amnesia
 t - 4 scrolls of fog
 u - 7 scrolls of blinking
 y - 8 scrolls of magic mapping
 S - 5 scrolls of fear
 V - 3 scrolls of holy word
 W - 4 scrolls of brand weapon
Potions
 b - a potion of berserk rage
 d - 2 potions of might
 g - 7 potions of brilliance
 j - 7 potions of ambrosia
 k - 14 potions of curing
 o - 6 potions of attraction
 x - 4 potions of resistance
 A - 7 potions of haste
 I - 6 potions of magic
 P - 5 potions of invisibility
 T - 11 potions of lignification
 Y - 6 potions of heal wounds
Books
 w - a manual of Short Blades


   Skills:
 O Level 27 Fighting
 - Level 16.0 Maces & Flails
 - Level 25.6 Armour
 - Level 2.6 Dodging
 - Level 25.2 Shields
 + Level 13.8 Spellcasting
 + Level 18.2 Invocations


You had 53 spell levels left.
You didn't know any spells.
Your spell library contained the following spells:

 Spells                   Type           Power        Failure   Level
 Animate Skeleton         Necr           18%          45%         1
 Apportation              Tloc           18%          45%         1
 Beastly Appendage        Tmut           18%          45%         1
 Corona                   Hex            10%          45%         1
 Foxfire                  Conj/Fire      36%          45%         1
 Freeze                   Ice            36%          45%         1
 Magic Dart               Conj           36%          45%         1
 Pain                     Necr           36%          45%         1
 Sandblast                Erth           18%          45%         1
 Shock                    Conj/Air       36%          45%         1
 Sting                    Tmut/Pois      36%          45%         1
 Summon Small Mammal      Summ           36%          45%         1
 Blink                    Tloc           N/A          58%         2
 Call Imp                 Summ           9%           58%         2
 Corpse Rot               Necr/Air       N/A          58%         2
 Ensorcelled Hibernation  Hex/Ice        18%          58%         2
 Passwall                 Tmut/Erth      7%           58%         2
 Poisonous Vapours        Pois/Air       18%          58%         2
 Searing Ray              Conj           18%          58%         2
 Slow                     Hex            9%           58%         2
 Swiftness                Air            9%           58%         2
 Confusing Touch          Hex            9%           83%         3
 Conjure Flame            Conj/Fire      9%           83%         3
 Dazzling Flash           Conj/Hex       18%          83%         3
 Frozen Ramparts          Ice            18%          83%         3
 Gell's Gravitas          Tloc           4%           83%         3
 Ignite Poison            Fire/Tmut/Pois 9%           83%         3
 Inner Flame              Hex/Fire       9%           83%         3
 Lesser Beckoning         Tloc           4%           83%         3
 Mephitic Cloud           Conj/Pois/Air  9%           83%         3
 Ozocubu's Armour         Ice            9%           83%         3
 Portal Projectile        Hex/Tloc       18%          83%         3
 Spider Form              Tmut/Pois      4%           83%         3
 Stone Arrow              Conj/Erth      18%          83%         3
 Teleport Other           Tloc           9%           83%         3
 Vampiric Draining        Necr           4%           83%         3
 Animate Dead             Necr           4%           99%         4
 Cause Fear               Hex            4%           99%         4
 Fulminant Prism          Conj/Hex       4%           99%         4
 Hailstorm                Conj/Ice       9%           99%         4
 Ice Form                 Ice/Tmut       9%           99%         4
 Iskenderun's Mystic Bla  Conj/Tloc      9%           99%         4
 Leda's Liquefaction      Hex/Erth       4%           99%         4
 Passage of Golubria      Tloc           N/A          99%         4
 Petrify                  Tmut/Erth      9%           99%         4
 Sticky Flame             Conj/Fire      9%           99%         4
 Summon Ice Beast         Ice/Summ       9%           99%         4
 Summon Lightning Spire   Summ/Air       9%           99%         4
 Agony                    Necr           9%           100%        5
 Bolt of Magma            Conj/Fire/Erth 4%           100%        5
 Borgnjor's Vile Clutch   Necr/Erth      4%           100%        5
 Fireball                 Conj/Fire      4%           100%        5
 Lee's Rapid Deconstruct  Erth           4%           100%        5
 Lightning Bolt           Conj/Air       4%           100%        5
 Metabolic Englaciation   Hex/Ice        4%           100%        5
 Silence                  Hex/Air        4%           100%        5
 Summon Forest            Summ/Tloc      4%           100%        5
 Yara's Violent Unravell  Hex/Tmut       4%           100%        5
 Conjure Ball Lightning   Conj/Air       4%           100%        6
 Death Channel            Necr           4%           100%        6
 Eringya's Noxious Bog    Tmut/Pois      4%           100%        6
 Freezing Cloud           Conj/Ice/Air   4%           100%        6
 Hydra Form               Tmut           4%           100%        6
 Invisibility             Hex            9%           100%        6
 Iron Shot                Conj/Erth      4%           100%        6
 Simulacrum               Ice/Necr       4%           100%        6
 Starburst                Conj/Fire      4%           100%        6
 Malign Gateway           Summ/Tloc      4%           100%        7
 Monstrous Menagerie      Summ           4%           100%        7
 Summon Greater Demon     Summ           4%           100%        7
 Summon Hydra             Summ           4%           100%        7
 Discord                  Hex            4%           100%        8
 Ignition                 Fire           4%           100%        8
 Summon Horrible Things   Summ           4%           100%        8
 Shatter                  Erth           4%           100%        9
 Tornado                  Air            4%           100%        9
 Statue Form              Tmut/Erth      Unusable     N/A         6

Dungeon Overview and Level Annotations

Branches:
Dungeon (15/15)            Temple (1/1) D:7            Lair (6/6) D:9
  Swamp (4/4) Lair:2        Snake (4/4) Lair:3        Slime (5/5) Lair:6
    Orc (2/2) D:10            Elf (0/3) Orc:2        Vaults (5/5) D:13
  Crypt (3/3) Vaults:3       Tomb (0/3) Crypt:3      Depths (5/5) D:15
    Zot (1/5) Depths:5     Bailey (visited)

Altars:
Cheibriados
Dithmenos
Elyvilon
Fedhas
Gozag
Hepliaklqana
Kikubaaqudgha
Makhleb
Nemelex Xobeh
Okawaru
Qazlal
Sif Muna
Trog
Uskayaw
Vehumet
Wu Jian
Xom
Yredelemnul
Zin
The Shining One
Jiyva

Shops:
Orc:2 (=}[   Snake:1 [[   Snake:2 !   Vaults:3 }   Vaults:4 !   Vaults:5 [
Depths:3 (}=}

Portals:
Hell: Depths:1 Depths:2 Depths:3 Depths:4 Depths:5
Abyss: Depths:1 Depths:4
Pandemonium: Depths:3
Ziggurat: Depths:1

Annotations:
D:10 4 runed translucent doors
Lair:3 exclusion: oklob plant
Lair:4 exclusion: 2 oklob plants
Vaults:2 3 runed translucent doors, Qoinem's ghost, adept DDFi
Depths:4 1 runed translucent door


Innate Abilities, Weirdness & Mutations

You are resistant to torment.
Your stone body is resilient. (AC +20)
You are immune to poison.
Your large and strong wings let you fly indefinitely.
You resist negative energy. (rN+)
You are resistant to electric shocks. (rElec)
You can survive without breathing.
You are immune to petrification.
You are immune to miasma.
You have a pair of small horns on your head.
You are partially covered in icy blue scales. (AC +2)
You are partially covered in molten scales. (AC +2)
Scrolls take you longer to read.
Your mind is acute. (Int +2)
Your body sometimes deteriorates upon taking damage.
Your magical capacity is low. (-10% MP)
You are weak. (Str -2)
Potions are less effective at restoring your health.


Message History

The daeva calls down the wrath of Zin upon you.
Zin smites you!
* * * LOW HITPOINT WARNING * * *
There is an open door here.
Unknown command.
You spit the daeva like a pig!!! The daeva blocks your attack.
The daeva is heavily wounded.
You block the daeva's attack. x2
A daeva comes into view.
It is wielding a +3 eudemon blade of holy wrath.
The daeva hits you but does no damage. You block the daeva's attack.
The daeva calls down the wrath of Zin upon you.
Zin smites you!
* * * LOW HITPOINT WARNING * * *
The daeva calls down the wrath of Zin upon you.
Zin smites you!
* * * LOW HITPOINT WARNING * * *
Found a glowing silver altar of Zin.
The daeva calls down the wrath of Zin upon you.
Zin smites you!
You die...

..+ ##...##........ ##)....≈≈≈≈
### #...............##..).....≈≈
### #..................().......
..####....##############(#..##..#
........#.# ###...##..#
.......##.# #..###..#...#
.#........# ....$ #.....##
....##############A..... #.....#
..#.#.#.#.#.#.#.@....... #.....#
....).)......)AA###..._. #.....#
..#.#)#.#.#.#.#A........ #....##
....##############.... . #....#
.#........# ... #...##
.......##.# . ##..## ##......#.#
##...#
#####.(..##############.#..#
####...........^......##


You could see 4 daevas.

Vanquished Creatures
  Cerebov (Pan)
  the Royal Jelly (Slime:5)
  Gloorx Vloq (Pan)
  Lom Lobon (Pan)
  Mnoleg (Pan)
  Mara (Swamp:3)
  Mennas (Vaults:4)
  3 ancient liches
  2 juggernauts
  Sojobo (Vaults:3)
  3 pandemonium lords (Pan)
  Frederick (Vaults:2)
  Vashnia (Snake:4)
  Margery (Vaults:3)
  A curse toe (Crypt:3)
  3 caustic shrikes (Depths:5)
  Xtahua (Crypt:1)
  4 golden dragons
  2 profane servitors (Abyss:1)
  3 bone dragons
  2 Tzitzimimeh (Pan)
  9 liches
  Jorgrun (D:13)
  2 Brimstone Fiends (Pan)
  An iron giant (shapeshifter) (Depths:4)
  9 tentacled monstrosities
  An Ice Fiend (Pan)
  A Hell Sentinel (Pan)
  12 titans
  6 deep elf blademasters
  19 acid blobs
  7 tentacled starspawn (Abyss:1)
  10 Executioners (Pan)
  An eldritch tentacle (Pan)
  2 quicksilver dragons (Vaults:5)
  4 deep elf master archers
  7 ancient champions
  2 storm dragons
  6 sphinxes
  Kirke (Swamp:3)
  Donald (Vaults:2)
  2 thorn hunters
  2 shadow dragons
  An azure jelly (shapeshifter) (Depths:5)
  3 daevas (Pan)
  11 azure jellies
  7 nagarajas (Snake:4)
  A frost giant (shapeshifter) (Vaults:5)
  A fenstrider witch (Swamp:1)
  2 deep elf sorcerers (Vaults:5)
  5 tengu reavers
  14 balrugs (Pan)
  18 fire giants
  23 frost giants
  The ghost of Okhlofrez the Convoker, an adept DESu of Sif Muna (D:15)
  An iron dragon (Depths:4)
  18 cacodemons (Pan)
  15 vault wardens
  2 deep elf elementalists
  4 warmongers (Pan)
  9 ironheart preservers
  A draconian scorcher (Depths:5)
  A spriggan defender (Depths:5)
  8 angels
  24 stone giants
  4 ophanim
  2 corrupters (Pan)
  The ghost of Megustar the Severer, a journeyman DsBe of Trog (Lair:5)
  8 reapers
  A draconian stormcaller (Depths:5)
  9 ghouls
  2 draconian annihilators (Pan)
  3 curse skulls
  2 war gargoyles
  4 apis (Pan)
  30 very ugly things
  3 blood saints (Pan)
  A juggernaut skeleton (Crypt:2)
  12 vampire knights
  2 entropy weavers
  2 black suns (Pan)
  2 grey draconians (Depths:5)
  The ghost of Zenexuts the Cleaver, a journeyman DsFi of Okawaru (D:14)
  3 yellow draconians
  5 lorocyprocas (Pan)
  2 red draconians (Depths:5)
  4 black draconians
  6 spark wasps
  2 deep elf demonologists (Vaults:5)
  3 deep elf annihilators
  2 dire elephants (Lair:6)
  8 bunyips
  A minotaur (D:14)
  5 eidola
  3 blizzard demons
  4 deep elf death magi
  13 ettins
  7 jiangshi
  5 green deaths (Pan)
  16 fire dragons
  6 death oozes
  5 eleionomae
  12 great orbs of eyes
  2 deep elf high priests (Vaults:5)
  18 yaktaur captains
  29 vault guards
  19 ogre magi
  Harold (Lair:2)
  3 monstrous demonspawn (Pan)
  A ghost crab (Swamp:4)
  5 hell beasts
  Erolcha (D:11)
  12 ice dragons
  3 spriggan air magi
  A catoblepas (Lair:6)
  3 boulder beetles
  10 rakshasas
  13 naga warriors
  18 hydras
  16 anacondas
  A fenstrider witch skeleton (Crypt:3)
  13 centaur warriors
  9 alligators
  An anaconda (shapeshifter) (Vaults:5)
  4 death knights
  An alligator snapping turtle (shapeshifter) (Vaults:3)
  67 two-headed ogres
  13 deep troll shamans
  7 death yaks (Lair:6)
  3 dancing weapons
  6 tengu warriors
  7 vampire magi
  16 deep troll earth magi
  3 spectral storm dragons (Crypt:1)
  6 shock serpents
  19 sun demons (Pan)
  8 naga sharpshooters
  6 spriggan berserkers
  7 thrashing horrors
  4 orc high priests
  9 deep elf knights
  6 wretched stars
  5 iron trolls
  12 hell knights
  4 soul eaters (Pan)
  2 salamander mystics
  24 skeletal warriors
  21 sixfirhies
  6 shadow wraiths
  12 small abominations
  4 sea snakes (Snake:3)
  4 torturous demonspawn (Pan)
  A death drake (Abyss:1)
  8 infernal demonspawn
  2 goliath frogs (Swamp:2)
  8 unseen horrors
  5 wizards
  3 spriggan druids
  6 naga ritualists
  8 glowing orange brains
  43 deep trolls
  A lindwurm (shapeshifter) (Vaults:3)
  A bunyip zombie (Crypt:2)
  14 swamp dragons
  4 bog bodies
  4 gelid demonspawn
  7 flayed ghosts
  An anaconda zombie (Crypt:2)
  9 deep elf archers
  4 cherubim
  12 ironbrand convokers
  A frost giant zombie (Abyss:1)
  17 orc knights
  17 phantasmal warriors
  2 wolf spider zombies
  4 necromancers
  A mana viper (shapeshifter) (Vaults:4)
  A lindwurm (Lair:5)
  6 mana vipers
  7 deep elf magi
  A harpy (shapeshifter) (Depths:3)
  80 ugly things
  3 wolf spiders
  69 slime creatures
  A moth of wrath (shapeshifter) (Depths:1)
  8 will-o-the-wisps
  2 stone giant zombies
  A cyclops (shapeshifter) (Vaults:2)
  A shining eye (shapeshifter) (Vaults:2)
  A spectral fire dragon (Vaults:3)
  9 orc sorcerers
  3 guardian serpents (shapeshifter)
  4 salamanders
  4 manticores
  Maurice (D:11)
  8 cyclopes
  14 shining eyes
  A sphinx skeleton (Crypt:3)
  26 black mambas
  2 frost giant skeletons
  A rust devil (Depths:3)
  9 elephants
  A torpor snail (Lair:6)
  11 cane toads
  11 vault sentinels
  6 eyes of devastation
  2 gargoyles (D:15)
  13 naga magi
  8 guardian serpents
  2 hellions (Pan)
  18 orange demons
  20 smoke demons
  A purple draconian zombie (Crypt:3)
  6 freezing wraiths
  2 kobold demonologists (D:11)
  3 efreet
  6 rime drakes
  7 komodo dragons
  14 hellwings
  88 yaktaurs
  6 demonic crawlers (Pan)
  2 tormentors (Pan)
  2 ancient zymes
  2 white draconian skeletons (Crypt:1)
  7 red devils (Pan)
  11 trolls
  4 guardian mummies (Crypt:3)
  3 meliai (D:15)
  3 polar bears
  2 hornets (shapeshifter)
  A grey draconian skeleton (Crypt:2)
  4 tengu conjurers
  A bloated husk (Swamp:2)
  A wolf spider simulacrum (D:15)
  A harpy skeleton (Crypt:2)
  4 raiju (Abyss:1)
  8 tyrant leeches
  18 hornets
  A guardian serpent zombie (Crypt:2)
  34 blink frogs
  An ettin zombie (Crypt:3)
  A frost giant simulacrum (Crypt:2)
  5 dream sheep (Lair:5)
  A fire giant simulacrum (Vaults:1)
  A meliai zombie (D:13)
  An alligator skeleton (Crypt:3)
  17 flying skulls
  13 spriggans
  8 water elementals
  4 centaur simulacra (D:15)
  10 ynoxinuls
  12 redbacks
  2 shadows
  8 wraiths
  5 wyverns
  A yak (shapeshifter) (Depths:2)
  41 yaks
  A human (Swamp:3)
  4 vampires
  4 basilisks
  A fire bat (shapeshifter) (Depths:3)
  A golden eye (shapeshifter) (Vaults:4)
  A hog (Swamp:3)
  A tyrant leech zombie (Crypt:3)
  6 fire bats
  9 golden eyes
  21 neqoxecs
  10 vampire mosquitoes
  10 chaos spawn
  Menkaure (D:7)
  4 steam dragons
  7 swamp worms
  6 wargs
  A water nymph zombie (Crypt:1)
  30 large abominations
  A merfolk zombie (Crypt:1)
  53 nagas
  5 acid dragons
  A cane toad zombie (Crypt:2)
  11 water moccasins
  A water nymph skeleton (Crypt:3)
  2 meliai simulacra (D:15)
  4 floating eyes
  41 orc warriors
  7 swamp drakes
  3 eyes of draining
  6 ice beasts
  A cane toad skeleton (Crypt:1)
  2 sky beasts
  10 black bears
  A hornet zombie (D:14)
  3 necrophages
  An ogre (shapeshifter) (Vaults:3)
  A boggart (shapeshifter) (Vaults:3)
  44 ogres
  9 boggarts
  27 centaurs
  9 wolves
  2 snapping turtle skeletons
  A big kobold (shapeshifter) (Depths:2)
  10 big kobolds
  12 gnoll sergeants
  A wyvern zombie (Crypt:2)
  19 bullfrogs
  A salamander skeleton (Crypt:2)
  A water moccasin zombie (D:7)
  A cyclops skeleton (Crypt:2)
  2 scorpions (shapeshifter)
  A hornet simulacrum (D:15)
  A queen bee zombie (Crypt:3)
  5 scorpions
  A troll zombie (Crypt:1)
  A shapeshifter zombie (Crypt:1)
  An elf simulacrum (Vaults:2)
  4 killer bees (D:13)
  3 bullfrog zombies
  6 electric eels
  6 crimson imps
  2 howler monkeys
  22 starcursed masses (Abyss:1)
  5 quasits
  4 centaur zombies
  5 jellies
  31 orc priests
  28 orc wizards
  6 gnoll shamans (Bailey)
  A black bear skeleton (Crypt:3)
  5 hounds
  7 iron imps
  7 centaur skeletons
  Jessica (D:3)
  4 bullfrog skeletons
  2 iguanas (Lair:2)
  10 worker ants
  Natasha (thrice) (D:3)
  10 hell rats
  2 killer bee zombies
  A big kobold skeleton (Crypt:1)
  A hound zombie (D:8)
  3 hound skeletons
  A worker ant zombie (D:5)
  Robin (D:3)
  20 gnolls
  A howler monkey skeleton (D:5)
  12 adders
  4 shadow imps
  6 white imps
  7 ufetubi
  An adder zombie (D:3)
  2 adder skeletons
  5 worms
  2 dart slugs (D:1)
  8 leopard geckos
  75 orcs
  7 giant cockroaches
  13 goblins
  9 hobgoblins
  8 jackals
  6 quokkas
  4 ball pythons
  7 bats
  5 frilled lizards
  A giant cockroach zombie (Crypt:3)
  A gnoll skeleton (Crypt:3)
  A jackal zombie (D:5)
  26 kobolds
  A quokka skeleton (D:5)
  A quokka zombie (Crypt:1)
  4 rats
  A block of ice (Pan)
  A butterfly (Lair:2)
  6 starspawn tentacles (Abyss:1)
2735 creatures vanquished.

Vanquished Creatures (collateral kills)
  A storm dragon (Vaults:5)
  A balrug (Pan)
  A deep elf sorcerer (Vaults:5)
  A stone giant (Vaults:5)
  An orc knight (Vaults:5)
  A red devil (Pan)
  A redback (shapeshifter) (Vaults:5)
  An orc warrior (Vaults:5)
  An orc (Vaults:5)
9 creatures vanquished.

Vanquished Creatures (others)
  An eldritch tentacle (D:15)
  A frost giant (Abyss:1)
  A fire giant (Abyss:1)
  A deep elf demonologist (Vaults:5)
  2 blizzard demons
  A rakshasa (Pan)
  A quicksilver dragon skeleton (Abyss:3)
  A two-headed ogre (Vaults:3)
  A soul eater (Pan)
  A glowing orange brain (Pan)
  A phantasmal warrior (Depths:5)
  A deep elf mage (Vaults:5)
  A vault sentinel (Vaults:5)
  A freezing wraith (Vaults:5)
  A hellwing (Pan)
  5 bloated husks
  A hornet (Vaults:2)
  A shadow (D:15)
  A spriggan (Swamp:1)
  2 wyverns (Depths:5)
  2 humans (Swamp:3)
  A ynoxinul (Pan)
  A golden eye (Pan)
  2 neqoxecs
  A yaktaur simulacrum (Vaults:2)
  An acid dragon (Depths:5)
  A swamp drake (Swamp:4)
  A necrophage (Crypt:2)
  An ogre (Depths:4)
  A gnoll sergeant (Bailey)
  2 bullfrogs
  A scorpion (D:6)
  2 orc wizards
  An orc (Vaults:3)
  19 ball lightnings (Pan)
  3 blocks of ice (Pan)
  4 briar patches (Swamp:2)
  55 bushes (Depths:1)
  30 foxfires
  13 fungi
  A lurking horror (Abyss:1)
  28 plants
  20 starspawn tentacles (Abyss:1)
  7 toadstools (D:1)
224 creatures vanquished.

Grand Total: 2968 creatures vanquished

Notes
Turn   | Place    | Note
-------+----------+-------------------------------------------
     0 | D:1      | nuthulu the Gargoyle Fighter began the quest for the Orb.
     0 | D:1      | Reached XP level 1. HP: 14/14 MP: 1/1
   231 | D:1      | Reached XP level 2. HP: 19/19 MP: 2/2
  1089 | D:2      | Reached skill level 4 in Fighting
  1089 | D:2      | Reached XP level 3. HP: 24/24 MP: 3/3
  1257 | D:2      | Found a glowing silver altar of Zin.
  1467 | D:2      | Reached XP level 4. HP: 30/30 MP: 4/4
  2175 | D:3      | Noticed Natasha
  2207 | D:3      | Killed Natasha
  2208 | D:3      | Reached XP level 5. HP: 12/34 MP: 5/5
  2209 | D:3      | Reached skill level 5 in Fighting
  2435 | D:3      | Noticed Jessica
  2745 | D:3      | Killed Jessica
  2755 | D:3      | Reached XP level 6. HP: 38/40 MP: 6/6
  3044 | D:3      | Noticed Natasha
  3057 | D:3      | Killed Natasha
  3537 | D:3      | Noticed Natasha
  3540 | D:3      | Killed Natasha
  3541 | D:3      | Reached skill level 6 in Fighting
  3541 | D:3      | Reached skill level 5 in Maces & Flails
  3610 | D:3      | Noticed Robin
  3642 | D:3      | Killed Robin
  3835 | D:3      | Found an opulent altar of Gozag.
  4042 | D:4      | Found a shimmering altar of Xom.
  4222 | D:4      | Reached XP level 7. HP: 43/47 MP: 7/7
  4547 | D:4      | Reached skill level 7 in Fighting
  5295 | D:5      | Entered Level 5 of the Dungeon
  5315 | D:5      | Reached XP level 8. HP: 53/53 MP: 8/8
  5509 | D:5      | Reached skill level 8 in Fighting
  6258 | D:6      | Reached skill level 9 in Fighting
  6259 | D:6      | Found a glowing golden altar of the Shining One.
  6480 | D:7      | Found a staircase to the Ecumenical Temple.
  6509 | D:7      | Reached XP level 9. HP: 60/60 MP: 9/9
  6533 | Temple   | Entered the Ecumenical Temple
  6628 | Temple   | Became a worshipper of Warmaster Okawaru
  6889 | D:6      | Reached skill level 10 in Fighting
  7199 | D:7      | Noticed Menkaure
  7215 | D:7      | Killed Menkaure
  7215 | D:7      | Reached * piety under Okawaru
  7492 | D:7      | Identified a scroll of acquirement
  7492 | D:7      | Acquired 898 gold pieces
  7640 | D:7      | Found a snail-covered altar of Cheibriados.
  7895 | D:8      | Found a flagged portal.
  7979 | Bailey   | Entered a bailey
  8197 | Bailey   | Reached skill level 11 in Fighting
  8197 | Bailey   | Reached XP level 10. HP: 67/69 MP: 10/10
  8206 | Bailey   | Reached ** piety under Okawaru
  8216 | Bailey   | Reached skill level 10 in Maces & Flails
  8365 | Bailey   | Got a slimy brass ring
  8366 | Bailey   | Identified the ring of Viaschy {Will+ rCorr Dex+4} (You
                  | found it in a bailey)
  8631 | D:8      | Noticed a two-headed ogre
  8640 | D:8      | Killed a two-headed ogre
  8765 | D:8      | Reached *** piety under Okawaru
  8979 | D:9      | Reached skill level 12 in Fighting
  9583 | D:9      | Found a staircase to the Lair.
  9916 | D:10     | Entered Level 10 of the Dungeon
 10076 | D:10     | Reached **** piety under Okawaru
 10362 | D:9      | Reached XP level 11. HP: 67/76 MP: 11/11
 10436 | D:10     | Found a huge runed translucent gate.
 10442 | D:10     | Found a huge runed translucent gate.
 10443 | D:10     | Found a huge runed translucent gate.
 10444 | D:10     | Found a huge runed translucent gate.
 10444 | D:10     | Noticed a death yak
 10465 | D:10     | Noticed an unseen horror
 10482 | D:10     | Killed an unseen horror
 10483 | D:10     | Reached skill level 13 in Fighting
 10519 | D:10     | Noticed a red ugly thing
 10530 | D:10     | Killed a red ugly thing
 10530 | D:10     | Reached ***** piety under Okawaru
 10982 | D:10     | Found a staircase to the Orcish Mines.
 11454 | Lair:1   | Entered Level 1 of the Lair of Beasts
 11758 | Lair:1   | Received a gift from Okawaru
 11793 | Lair:1   | Reached skill level 14 in Fighting
 12522 | Lair:2   | Reached XP level 12. HP: 55/86 MP: 12/12
 12655 | Lair:2   | Noticed Harold
 12684 | Lair:2   | Killed Harold
 13175 | Lair:2   | Found a staircase to the Swamp.
 13215 | Lair:2   | Reached skill level 15 in Fighting
 13328 | Lair:2   | Reached skill level 1 in Invocations
 14293 | Lair:3   | Found a staircase to the Snake Pit.
 14342 | Lair:3   | Reached ****** piety under Okawaru
 14925 | Lair:4   | Identified the Grimoire of Ice and the Volcanoes
 15086 | Lair:4   | Reached skill level 5 in Shields
 15093 | Lair:4   | Reached skill level 5 in Invocations
 15124 | Lair:4   | Received a gift from Okawaru
 15141 | Lair:4   | Reached XP level 13. HP: 44/92 MP: 13/17
 16859 | Lair:5   | Reached skill level 5 in Armour
 17432 | Lair:6   | Entered Level 6 of the Lair of Beasts
 17478 | Lair:6   | Found a runed translucent door.
 17480 | Lair:6   | Noticed Megustar's ghost (journeyman DsBe)
 17502 | Lair:6   | Received a gift from Okawaru
 17579 | Lair:6   | Noticed a dire elephant
 18008 | Lair:5   | Killed Megustar's ghost
 18206 | Lair:6   | Killed a dire elephant
 18488 | Lair:6   | Reached skill level 10 in Shields
 18886 | Lair:6   | Gained mutation: Your large and strong wings let you fly
                  | indefinitely. [Gargoyle growth]
 18886 | Lair:6   | Reached XP level 14. HP: 69/98 MP: 19/19
 19553 | Lair:6   | Found a staircase to the Slime Pits.
 19556 | Lair:6   | Found a viscous altar of Jiyva.
 20004 | Lair:6   | Received a gift from Okawaru
 20063 | Lair:6   | Noticed a dire elephant
 20094 | Lair:6   | Killed a dire elephant
 20104 | Lair:6   | Found the +12 glaive of Prune {vorpal}
 20121 | Lair:6   | Identified Roekad's Guide on Orientation and Transmigration
 20585 | Orc:1    | Entered Level 1 of the Orcish Mines
 20620 | Orc:2    | Entered Level 2 of the Orcish Mines
 21409 | Orc:1    | Reached skill level 10 in Armour
 22151 | Orc:2    | Found a staircase to the Elven Halls.
 22683 | Orc:2    | Received a gift from Okawaru
 22699 | Orc:2    | Identified the +0 pair of boots of Soft Rains {-Cast +Fly
                  | Int+3 Slay+2} (Okawaru gifted it to you on level 2 of the
                  | Orcish Mines)
 23017 | Orc:2    | Found Milogak's Antique Weapon Shoppe.
 23021 | Orc:2    | Found Ocka's Gadget Shop.
 23027 | Orc:2    | Found Fedd's Antique Armour Shop.
 23029 | Orc:2    | Found Zen Xos's Jewellery Shoppe.
 23039 | Orc:2    | Bought a pair of jewelled gloves for 285 gold pieces
 23044 | Orc:2    | Identified the +1 pair of gloves of Rennips {rC++} (You
                  | bought it in a shop on level 2 of the Orcish Mines)
 23560 | Snake:1  | Entered Level 1 of the Snake Pit
 23586 | Snake:1  | Reached XP level 15. HP: 68/103 MP: 18/20
 23950 | Snake:1  | Found Tyliaduc's Armour Shop.
 23955 | Snake:1  | Found Maapann's Armour Shop.
 23981 | Snake:1  | Bought a +2 cloak of willpower for 365 gold pieces
 25273 | Snake:2  | Received a gift from Okawaru
 25990 | Snake:2  | Got a crude tin ring
 27049 | Snake:2  | Found Jetiafio's Distillery.
 27052 | Snake:2  | Bought a potion of haste for 180 gold pieces
 27361 | Snake:3  | Received a gift from Okawaru
 27429 | Snake:3  | Identified the ring "Rarenku" {rPois Will+ AC+4 Str-5
                  | Int+7} (You found it on level 2 of the Snake Pit)
 27593 | Snake:3  | Found the +10 zealot's sword {holy, *Rage rN+ EV+3}
 27834 | Snake:3  | Reached skill level 15 in Shields
 27880 | Snake:3  | Reached XP level 16. HP: 97/108 MP: 21/21
 28790 | Swamp:1  | Entered Level 1 of the Swamp
 29377 | Swamp:1  | Noticed a fenstrider witch
 29391 | Swamp:1  | Killed a fenstrider witch
 29450 | Swamp:1  | Received a gift from Okawaru
 29922 | Swamp:2  | Noticed a thorn hunter
 30337 | Swamp:1  | Reached skill level 16 in Fighting
 30894 | Swamp:2  | Killed a thorn hunter
 30894 | Swamp:2  | Received a gift from Okawaru
 30895 | Swamp:2  | Reached skill level 15 in Armour
 31799 | Swamp:3  | Noticed Mara
 31807 | Swamp:3  | Noticed nuthulu's illusion
 31997 | Swamp:3  | Noticed nuthulu's illusion
 32162 | Swamp:3  | Noticed nuthulu's illusion
 32416 | Swamp:3  | Noticed nuthulu's illusion
 32851 | Snake:4  | Entered Level 4 of the Snake Pit
 33396 | Snake:4  | Noticed a nagaraja
 33427 | Snake:4  | Killed a nagaraja
 33458 | Snake:4  | Noticed a nagaraja
 33470 | Snake:4  | Noticed a nagaraja
 33499 | Snake:4  | Killed a nagaraja
 33500 | Snake:4  | Reached XP level 17. HP: 56/116 MP: 22/22
 33510 | Snake:4  | Reached skill level 17 in Fighting
 34085 | Snake:4  | Received a gift from Okawaru
 34172 | Snake:4  | Noticed Vashnia
 34567 | Snake:4  | Killed Vashnia
 35434 | Snake:4  | Got a serpentine rune of Zot
 35771 | Snake:4  | Acquired 865 gold pieces
 35809 | Snake:4  | Found a basalt altar of Yredelemnul.
 35826 | Snake:4  | Reached skill level 18 in Fighting
 36356 | Swamp:3  | Noticed Kirke
 36375 | Swamp:3  | Killed Kirke
 36399 | Swamp:3  | Received a gift from Okawaru
 36935 | Swamp:3  | Noticed nuthulu's illusion
 36981 | Swamp:3  | Killed Mara
 37231 | Swamp:4  | Entered Level 4 of the Swamp
 37588 | Swamp:4  | Reached XP level 18. HP: 125/126 MP: 23/23
 37986 | Swamp:3  | Received a gift from Okawaru
 37987 | Swamp:3  | Reached skill level 19 in Fighting
 37994 | Swamp:3  | Identified the +1 pair of boots of Icu Xola {rElec Int+3}
                  | (Okawaru gifted it to you on level 3 of the Swamp)
 38635 | Swamp:4  | Got a decaying rune of Zot
 39136 | D:11     | Noticed Erolcha
 39143 | D:11     | Killed Erolcha
 39318 | D:11     | Noticed Maurice
 39332 | D:11     | Killed Maurice
 39951 | D:12     | Found a sparkling altar of Nemelex Xobeh.
 41261 | D:13     | Noticed Jorgrun
 41296 | D:13     | Killed Jorgrun
 41656 | D:13     | Found a gate to the Vaults.
 41883 | D:14     | Found a shadowy altar of Dithmenos.
 41970 | D:14     | Received a gift from Okawaru
 42024 | D:14     | Found a runed translucent gate.
 42104 | D:14     | Found a runed translucent gate.
 42105 | D:14     | Found a runed translucent gate.
 42107 | D:14     | Noticed Zenexuts's ghost (journeyman DsFi)
 42272 | D:14     | Found a hazy altar of Hepliaklqana.
 42903 | D:14     | Killed Zenexuts's ghost
 43069 | D:15     | Entered Level 15 of the Dungeon
 43084 | D:15     | Reached skill level 20 in Fighting
 43089 | D:15     | Found a portal to a secret trove of treasure.
 43164 | D:15     | Reached skill level 1 in Dodging
 43170 | D:15     | Reached XP level 19. HP: 128/135 MP: 24/24
 43702 | D:15     | Received a gift from Okawaru
 44096 | D:15     | Noticed Okhlofrez's ghost (adept DESu)
 44125 | D:15     | Found a runed translucent gate.
 44125 | D:15     | Found a runed translucent gate.
 44125 | D:15     | Found a runed translucent gate.
 44195 | D:15     | Found a staircase to the Depths.
 44534 | D:15     | Killed Okhlofrez's ghost
 44690 | Vaults:1 | Entered Level 1 of the Vaults
 45212 | Vaults:1 | Received a gift from Okawaru
 45382 | Vaults:1 | Reached skill level 15 in Maces & Flails
 46818 | Vaults:2 | Noticed Donald
 46854 | Vaults:2 | Killed Donald
 47161 | Vaults:2 | Reached XP level 20. HP: 98/140 MP: 8/25
 47186 | Vaults:2 | Received a gift from Okawaru
 47892 | Vaults:2 | Received a gift from Okawaru
 48425 | Vaults:2 | Found a runed translucent gate.
 48427 | Vaults:2 | Found a runed translucent gate.
 48427 | Vaults:2 | Found a runed translucent gate.
 48428 | Vaults:2 | Noticed Qoinem's ghost (adept DDFi)
 48708 | Vaults:2 | Noticed Frederick
 48726 | Vaults:2 | Killed Frederick
 49212 | Vaults:2 | Found a gateway to a bazaar.
 49221 | Bazaar   | Entered a bazaar
 49221 | Bazaar   | Found Tirgh's Jewellery Shoppe.
 49221 | Bazaar   | Found Peemi's Magic Scroll Shoppe.
 49224 | Bazaar   | Found Ijuid's Jewellery Shoppe.
 49246 | Bazaar   | Found Asemiepi's Weapon Boutique.
 49255 | Bazaar   | Found Emische's Antique Armour Emporium.
 49299 | Bazaar   | Bought a scroll of enchant armour for 90 gold pieces
 49299 | Bazaar   | Bought a scroll of enchant armour for 90 gold pieces
 49309 | Bazaar   | Bought the amulet "Zaloeno" {rF+ Regen+ Str+4} for 838 gold
                  | pieces
 49353 | Bazaar   | Bought a shiny plate armour for 676 gold pieces
 50218 | Vaults:3 | Noticed Sojobo
 50521 | Vaults:3 | Reached skill level 21 in Fighting
 50589 | Vaults:3 | Received a gift from Okawaru
 50756 | Vaults:3 | Found a staircase to the Crypt.
 50818 | Vaults:3 | Reached XP level 21. HP: 148/148 MP: 8/26
 51289 | Vaults:3 | Found Baiph's Gadget Shoppe.
 51336 | Vaults:3 | Killed Sojobo
 51846 | Vaults:4 | Noticed Margery
 51998 | Vaults:3 | Killed Margery
 52159 | Vaults:4 | Received a gift from Okawaru
 52468 | Vaults:4 | Reached skill level 22 in Fighting
 53055 | Vaults:4 | Found Ontorhe's Distillery.
 53062 | Vaults:4 | Bought a potion of heal wounds for 75 gold pieces
 53062 | Vaults:4 | Bought a potion of might for 60 gold pieces
 53437 | Vaults:5 | Entered Level 5 of the Vaults
 53490 | Vaults:4 | Reached XP level 22. HP: 114/158 MP: 9/27
 54037 | Vaults:5 | Noticed Mennas
 54179 | Vaults:5 | Noticed a golden dragon
 54246 | Vaults:4 | Killed Mennas
 54246 | Vaults:4 | Received a gift from Okawaru
 54422 | Vaults:5 | Killed a golden dragon
 54425 | Vaults:5 | Reached skill level 23 in Fighting
 54709 | Vaults:5 | Noticed a golden dragon
 54864 | Vaults:5 | Received a gift from Okawaru
 55154 | Vaults:5 | Identified the +8 halberd "Tuuxubla" {vamp, rElec}
 55171 | Vaults:5 | Identified the amulet "Nol Temaom" {Acrobat Str+4}
 55256 | Vaults:5 | Noticed an ancient lich
 55279 | Vaults:5 | Killed an ancient lich
 55349 | Vaults:5 | Killed a golden dragon
 55711 | Vaults:5 | Got a silver rune of Zot
 55760 | Vaults:5 | Reached XP level 23. HP: 49/166 MP: 9/28
 55973 | Vaults:5 | Noticed a caustic shrike
 55973 | Vaults:5 | an acid blob changed into a caustic shrike
 55982 | Vaults:5 | a caustic shrike changed into a frost giant
 56097 | Vaults:5 | Received a gift from Okawaru
 56387 | Vaults:5 | Reached skill level 24 in Fighting
 56439 | Vaults:5 | Found Unynegir's Antique Armour Shoppe.
 56447 | Vaults:5 | Bought a pair of warped boots for 256 gold pieces
 56447 | Vaults:5 | Identified the +2 pair of boots "Tazissux" {Regen+} (You
                  | bought it in a shop on level 5 of the Vaults)
 56548 | Vaults:5 | Identified the Compendium of Flight and Stones
 57203 | Depths:1 | Entered Level 1 of the Depths
 57307 | Depths:1 | Noticed a juggernaut
 57337 | D:15     | Killed a juggernaut
 57408 | Depths:1 | Identified the +11 morningstar of Bagro {vorpal, rN+}
 57716 | Depths:1 | Found a one-way gate to the infinite horrors of the Abyss.
 57769 | Depths:1 | Identified the +4 scythe of Tuamu {freeze, Int+2 Dex+4
                  | Stlth+}
 57795 | Depths:1 | Received a gift from Okawaru
 57883 | Depths:1 | Found a shimmering altar of Xom.
 57906 | Depths:1 | Found a gateway to a ziggurat.
 58586 | Depths:1 | Received a gift from Okawaru
 58613 | Depths:1 | Identified the +1 helmet of the Pit {rElec Dex+4} (You
                  | found it on level 1 of the Depths)
 58718 | Depths:1 | Found a gateway to Hell.
 59140 | Depths:2 | Reached XP level 24. HP: 168/173 MP: 28/28
 59364 | Depths:2 | Received a gift from Okawaru
 59678 | Depths:2 | Got a wavering platinum ring
 59679 | Depths:2 | Identified the ring of Tempters {rC+ rN+ MP+9 Int-2} (You
                  | found it on level 2 of the Depths)
 60117 | Depths:3 | Received a gift from Okawaru
 60216 | Depths:3 | You fall into a shaft and drop 2 floors!
 60216 | Depths:5 | Entered Level 5 of the Depths
 60367 | Depths:4 | Found a runed translucent door.
 60549 | Depths:4 | Received a gift from Okawaru
 60633 | Depths:4 | Noticed a caustic shrike
 60635 | Depths:4 | a caustic shrike changed into an iron dragon
 60945 | Depths:4 | Reached XP level 25. HP: 178/178 MP: 28/28
 61819 | Depths:3 | Identified the ring "Veumauzaso" {Wiz Will+} (You found it
                  | on level 3 of the Depths)
 62024 | Depths:3 | Found Imetuamiga's Antique Weapon Shop.
 62097 | Depths:3 | Paralysed by a floating eye for 4 turns
 62340 | Depths:3 | Found a one-way gate leading to the halls of Pandemonium.
 62514 | Depths:3 | Found Qevediw's Gadget Shoppe.
 62514 | Depths:3 | Found Eruedege's Jewellery Shop.
 62515 | Depths:3 | Found Citwuask's Gadget Shoppe.
 62522 | Depths:3 | Bought the ring "Wuev" {rF+ rCorr Dex+7 SInv} for 793 gold
                  | pieces
 62749 | Depths:5 | Paralysed by a floating eye for 3 turns
 63046 | Depths:4 | Received a gift from Okawaru
 63049 | Depths:4 | Identified the +11 crystal plate armour "Yxeudael" {rPois
                  | rCorr} (Okawaru gifted it to you on level 4 of the Depths)
 63913 | Depths:5 | Found a gate to the Realm of Zot.
 63921 | Zot:1    | Entered Level 1 of the Realm of Zot
 64354 | Slime:1  | Entered Level 1 of the Pits of Slime
 64356 | Slime:1  | Gained mutation: You are weak. (Str -2) [a shining eye]
 64357 | Slime:1  | Gained mutation: You are somewhat resistant to further
                  | mutation. [a shining eye]
 64486 | Slime:1  | Gained mutation: Your magical capacity is low. (-10% MP) [a
                  | shining eye]
 64487 | Slime:1  | Gained mutation: You have large cloven feet. [a shining
                  | eye]
 64566 | Slime:1  | Reached XP level 26. HP: 184/184 MP: 25/25
 65171 | Slime:5  | Entered Level 5 of the Pits of Slime
 65240 | Slime:5  | Received a gift from Okawaru
 65273 | Slime:5  | Noticed the Royal Jelly
 65296 | Slime:5  | Killed the Royal Jelly
 65799 | Slime:5  | Got a slimy rune of Zot
 65815 | Slime:5  | Identified Coofiecs's Incunabulum of Toxic Fire
 66250 | D:15     | You paid a toll of 4 scrolls of fog to enter a treasure
                  | trove
 66251 | Trove    | Entered a treasure trove
 66293 | Trove    | Found the ring of the Tortoise {AC+8}
 66541 | Temple   | Fell from the grace of Okawaru
 66541 | Temple   | Became a worshipper of the Shining One
 66837 | Crypt:1  | Entered Level 1 of the Crypt
 66919 | Crypt:1  | Reached * piety under the Shining One
 66951 | Crypt:1  | Reached ** piety under the Shining One
 67046 | Crypt:1  | Identified the +7 mace of Melee {drain, Dex+5}
 67099 | Crypt:1  | Reached *** piety under the Shining One
 67360 | Crypt:1  | Reached **** piety under the Shining One
 67443 | Crypt:1  | Noticed Xtahua
 67456 | Crypt:1  | Killed Xtahua
 67924 | Crypt:2  | Reached ***** piety under the Shining One
 68721 | Crypt:3  | Entered Level 3 of the Crypt
 68765 | Crypt:3  | Reached ****** piety under the Shining One
 68783 | Crypt:3  | Identified a +9 eveningstar of holy wrath (a +8 antimagic
                  | eveningstar blessed by the Shining One)
 68783 | Crypt:3  | Received a gift from the Shining One
 68785 | Crypt:3  | Found a staircase to the Tomb.
 68939 | Crypt:3  | Reached skill level 25 in Fighting
 68939 | Crypt:3  | Reached XP level 27. HP: 144/193 MP: 27/27
 68972 | Crypt:3  | Reached skill level 10 in Invocations
 69149 | Crypt:3  | Reached skill level 1 in Spellcasting
 69334 | Crypt:3  | Found the +12 Vampire's Tooth {vamp}
 69498 | Crypt:3  | Noticed an ancient lich
 69530 | Crypt:3  | Killed an ancient lich
 69537 | Crypt:3  | Identified the ring "Egrohum" {rF+ Int-5 Dex+5} (You found
                  | it on level 3 of the Crypt)
 69544 | Crypt:3  | Identified the ring of Xohi {rC+ rN+ Dex+2} (You found it
                  | on level 3 of the Crypt)
 69545 | Crypt:3  | Identified the ring "Peleusm" {rN+ Int+4} (You found it on
                  | level 3 of the Crypt)
 69546 | Crypt:3  | Identified the ring of the Leaf {rElec rN+ Int+4 Stlth+}
                  | (You found it on level 3 of the Crypt)
 70072 | Depths:1 | Voluntarily entered the Abyss.
 70290 | Abyss:1  | Paralysed by accursed screaming for 2 turns
 70502 | Abyss:1  | Found a shimmering blue altar of Sif Muna.
 70618 | Abyss:1  | Noticed an ancient lich
 70638 | Abyss:1  | Killed an ancient lich
 70701 | Abyss:1  | Found an opulent altar of Gozag.
 70779 | Abyss:1  | Was forgiven by Okawaru
 71094 | Abyss:1  | Reached skill level 5 in Spellcasting
 71790 | Abyss:3  | Found a corrupted altar of Lugonu.
 72013 | Abyss:3  | Found a glowing golden altar of the Shining One.
 72041 | Abyss:3  | Noticed a juggernaut
 72061 | Abyss:3  | Killed a juggernaut
 72068 | Abyss:3  | Got an abyssal rune of Zot
 72075 | Depths:1 | Escaped the Abyss
 72126 | Pan      | Entered Pandemonium
 72384 | Pan      | Noticed Geocamum the pandemonium lord
 72409 | Pan      | Killed Geocamum the pandemonium lord
 72410 | Pan      | Reached skill level 26 in Fighting
 72563 | Pan      | Noticed Ysuomn the pandemonium lord
 72567 | Pan      | Got a demonic rune of Zot
 72579 | Pan      | Gained mutation: Your spells are a little easier to cast,
                  | but a little less powerful. [a neqoxec]
 72587 | Pan      | Killed Ysuomn the pandemonium lord
 73002 | Pan      | Noticed Maji the pandemonium lord
 73008 | Pan      | Killed Maji the pandemonium lord
 73015 | Pan      | Entered the realm of Lom Lobon.
 73021 | Pan      | Noticed Lom Lobon
 73063 | Pan      | Killed Lom Lobon
 73113 | Pan      | Got a magical rune of Zot
 73159 | Pan      | Identified the +2 rapier of Aklit {flame, rElec Will+ Str-4
                  | Int+4}
 73324 | Pan      | Entered the realm of Gloorx Vloq.
 73465 | Pan      | Noticed Gloorx Vloq
 73487 | Pan      | Killed Gloorx Vloq
 73488 | Pan      | Reached skill level 10 in Spellcasting
 73512 | Pan      | Reached skill level 15 in Invocations
 73529 | Pan      | Got a dark rune of Zot
 73864 | Pan      | Entered the realm of Mnoleg.
 73912 | Pan      | Found an exit through the horrors of the Abyss.
 74207 | Pan      | Gained mutation: Scrolls take you a little longer to read.
                  | [a shining eye]
 74211 | Pan      | Lost mutation: You are weak. (Str -2) [potion of mutation]
 74211 | Pan      | Lost mutation: Your magical capacity is low. (-10% MP)
                  | [potion of mutation]
 74211 | Pan      | Lost mutation: Your spells are a little easier to cast, but
                  | a little less powerful. [potion of mutation]
 74211 | Pan      | Lost mutation: Scrolls take you a little longer to read.
                  | [potion of mutation]
 74211 | Pan      | Gained mutation: You have a somewhat thin skeletal
                  | structure. (Dex +2, Stealth) [potion of mutation]
 74347 | Pan      | Gained mutation: You are clumsy. (Dex -2) [a cacodemon]
 74352 | Pan      | Reached skill level 27 in Fighting
 74352 | Pan      | Gained mutation: Armour fits poorly on your strangely
                  | shaped body. [a cacodemon]
 74361 | Pan      | Lost mutation: You have a somewhat thin skeletal structure.
                  | (Dex +2, Stealth) [potion of mutation]
 74361 | Pan      | Lost mutation: You are clumsy. (Dex -2) [potion of
                  | mutation]
 74361 | Pan      | Lost mutation: You are somewhat resistant to further
                  | mutation. [potion of mutation]
 74361 | Pan      | Lost mutation: Armour fits poorly on your strangely shaped
                  | body. [potion of mutation]
 74361 | Pan      | Gained mutation: You are weak. (Str -2) [potion of
                  | mutation]
 74361 | Pan      | Gained mutation: You are partially covered in icy blue
                  | scales. (AC +2) [potion of mutation]
 74361 | Pan      | Gained mutation: Your spells are a little harder to cast,
                  | but a little more powerful. [potion of mutation]
 74436 | Pan      | Gained mutation: Armour fits poorly on your strangely
                  | shaped body. [a shining eye]
 74437 | Pan      | Gained mutation: You are dopey. (Int -2) [a shining eye]
 74438 | Pan      | Lost mutation: Your spells are a little harder to cast, but
                  | a little more powerful. [a shining eye]
 74439 | Pan      | Paralysed by a floating eye for 3 turns
 74440 | Pan      | Gained mutation: You are very weak. (Str -4) [a shining
                  | eye]
 74443 | Pan      | Lost mutation: You are dopey. (Int -2) [potion of mutation]
 74443 | Pan      | Lost mutation: You have large cloven feet. [potion of
                  | mutation]
 74443 | Pan      | Lost mutation: Armour fits poorly on your strangely shaped
                  | body. [potion of mutation]
 74443 | Pan      | Gained mutation: You expend magic power (3 MP) to
                  | strengthen your wands. [potion of mutation]
 74443 | Pan      | Gained mutation: You are partially covered in molten
                  | scales. (AC +2) [potion of mutation]
 74445 | Pan      | Gained mutation: You do not regenerate when monsters are
                  | visible. [a shining eye]
 74451 | Pan      | Gained mutation: Scrolls take you a little longer to read.
                  | [a shining eye]
 74454 | Pan      | Noticed Mnoleg
 74455 | Pan      | Paralysed by a floating eye for 2 turns
 74457 | Pan      | Lost mutation: You are very weak. (Str -4) [a shining eye]
 74468 | Pan      | Lost mutation: You expend magic power (3 MP) to strengthen
                  | your wands. [a shining eye]
 74476 | Pan      | Killed Mnoleg
 74476 | Pan      | Gained mutation: Scrolls take you longer to read. [a
                  | shining eye]
 74484 | Pan      | Lost mutation: You do not regenerate when monsters are
                  | visible. [potion of mutation]
 74484 | Pan      | Lost mutation: Scrolls take you longer to read. [potion of
                  | mutation]
 74484 | Pan      | Lost mutation: You are weak. (Str -2) [potion of mutation]
 74484 | Pan      | Gained mutation: You are frail. (-10% HP) [potion of
                  | mutation]
 74484 | Pan      | Gained mutation: You are weak. (Str -2) [potion of
                  | mutation]
 74484 | Pan      | Gained mutation: You are mostly covered in molten scales.
                  | (AC +3) [potion of mutation]
 74485 | Pan      | Lost mutation: You are frail. (-10% HP) [potion of
                  | mutation]
 74485 | Pan      | Lost mutation: Scrolls take you a little longer to read.
                  | [potion of mutation]
 74485 | Pan      | Lost mutation: You are weak. (Str -2) [potion of mutation]
 74485 | Pan      | Gained mutation: You are frail. (-10% HP) [potion of
                  | mutation]
 74485 | Pan      | Gained mutation: Armour fits poorly on your strangely
                  | shaped body. [potion of mutation]
 74485 | Pan      | Gained mutation: You possess an exceptional clarity of
                  | mind. [potion of mutation]
 74486 | Pan      | Lost mutation: You are frail. (-10% HP) [potion of
                  | mutation]
 74486 | Pan      | Lost mutation: You possess an exceptional clarity of mind.
                  | [potion of mutation]
 74486 | Pan      | Lost mutation: Armour fits poorly on your strangely shaped
                  | body. [potion of mutation]
 74486 | Pan      | Lost mutation: You are mostly covered in molten scales. (AC
                  | +3) [potion of mutation]
 74486 | Pan      | Gained mutation: Your spells are a little easier to cast,
                  | but a little less powerful. [potion of mutation]
 74486 | Pan      | Gained mutation: Your spells are easier to cast, but less
                  | powerful. [potion of mutation]
 74486 | Pan      | Gained mutation: Your mind is acute. (Int +2) [potion of
                  | mutation]
 74492 | Pan      | Gained mutation: Scrolls take you a little longer to read.
                  | [a shining eye]
 74522 | Pan      | Gained mutation: Your magical capacity is low. (-10% MP) [a
                  | neqoxec]
 74541 | Pan      | Gained mutation: Scrolls take you longer to read. [a
                  | cacodemon]
 74546 | Pan      | Gained mutation: You are clumsy. (Dex -2) [a shining eye]
 74655 | Pan      | Got a glowing rune of Zot
 74758 | Pan      | Gained mutation: Potions are less effective at restoring
                  | your health. [a cacodemon]
 74769 | Pan      | Lost mutation: You are clumsy. (Dex -2) [potion of
                  | mutation]
 74769 | Pan      | Lost mutation: Your spells are easier to cast, but less
                  | powerful. [potion of mutation]
 74769 | Pan      | Gained mutation: Your body sometimes deteriorates upon
                  | taking damage. [potion of mutation]
 74769 | Pan      | Lost mutation: Your spells are a little easier to cast, but
                  | a little less powerful. [potion of mutation]
 74769 | Pan      | Gained mutation: You have a pair of small horns on your
                  | head. [potion of mutation]
 74834 | Pan      | Gained mutation: You are weak. (Str -2) [a neqoxec]
 74997 | Pan      | Found an exit through the horrors of the Abyss.
 75095 | Pan      | Entered the realm of Cerebov.
 75186 | Pan      | Identified the +6 sword of Cerebov {flame}
 75186 | Pan      | Noticed Cerebov
 75188 | Pan      | Identified the +6 great mace of Massacring {venom, *Corrode
                  | +Rage rElec Int+9}
 75188 | Pan      | Identified the ring "Coig" {Fire rPois}
 75248 | Pan      | Killed Cerebov
 75315 | Pan      | Identified the ring "Vuushrem" {rElec rF- Will+ Int+4
                  | Slay+3}
 75319 | Pan      | Identified the +7 great mace "Nuabapt" {spect, +Rage rElec
                  | Int+4}
 75321 | Pan      | Identified the +7 great mace "Nuabapt" {spect, +Rage rElec
                  | Int+4}
 75376 | Pan      | Got a fiery rune of Zot
 76012 | Pan      | Found a glowing silver altar of Zin.
 76013 | Pan      | Killed from afar by a daeva

Illustrated notes

Levels and vault maps discovered:
D:1:      nagdon_arrival_double_spiral, layout_basic, chequers_arboretum
D:2:      layout_rooms, general_overflow_altar
D:3:      minmay_diamond_boxcup, layout_loops_ring, marbit_many_paths,
          gup_sewer_entry_bubbles, minmay_statues_item,
          chequers_serial_rivers_small_a, grunt_ministairs_2, uniq_natasha,
          uniq_robin, uniq_jessica
D:4:      layout_layer_cave, kennysheep_mini
D:5:      layout_basic, serial_undead, serial_undead_e, serial_undead_a,
          serial_undead_b, serial_undead_d, minmay_fractal_squares_5
D:6:      cheibrodos_steamvent, layout_basic, basic_altar
D:7:      layout_rooms, slow_altar_1, minmay_temple_entry_slanted, uniq_menkaure
D:8:      layout_rooms, enter_bailey_6
D:9:      layout_basic, erik_lair_orcish_takeover
D:10:     lemuel_bear_cage, layout_irregular_city,
          kennysheep_orc_monster_closet_entryway
D:11:     layout_cave_pods, uniq_maurice, uniq_erolcha
D:12:     layout_grid_maze, basic_altar
D:13:     layout_gridville, david_vaults_2, minmay_misc_feat_tiny, minivault_23,
          statue_in_the_mist_lemuel, uniq_jorgrun
D:14:     minmay_connected_triangles_in_corner, layout_loops_ring,
          nrook_pool_corridor, maelrawn_ghost_gauntlet_escape, basic_altar,
          nicolae_dithmenos_the_darkroom
D:15:     hangedman_depths_entry_civil_slaughter, layout_cave_pools,
          gammafunk_ghost_icy, minmay_misc_feat_cross, enter_trove_1
Temple:   eino_narrow_crystal_temple
Lair:1:   layout_regular_city, beast_lair_carwin_2
Lair:2:   layout_long_grid, minmay_swamp_entry_reptiles, grunt_megastairs_2,
          lemuel_fruit_fields, infiniplex_staircase_pool_2, uniq_harold
Lair:3:   layout_gridlike, guppyfry_snake_entry_island,
          nicolae_volcano_entry_batcave
Lair:4:   layout_gridlike, grunt_forest_stairs_basic, lemuel_old_faithful,
          grunt_megastairs_4, serial_bayou_shore_b, minmay_lair_oklob_chamber
Lair:5:   layout_roguey, grunt_megastairs_1
Lair:6:   grunt_lair_end_beastmaster, layout_gridlike, slime_altar_1,
          ebering_ghost_inner_flame, serial_bayou_crossing, lemuel_fruit_tree,
          grunt_megastairs_5
Swamp:1:  layout_falls_marsh, hangedman_swamp_ruin_wall
Swamp:2:  layout_basic_swamp, infiniplex_staircase_pool, swamp_pool4
Swamp:3:  layout_basic_swamp, evilmike_swamp_ruin_house_4, uniq_mara, uniq_kirke
Swamp:4:  swamp, layout_basic_swamp
Snake:1:  layout_onion, minmay_shop_star
Snake:2:  layout_chambers, serial_shops, shop, grunt_megastairs_3
Snake:3:  layout_cave_town, serial_bayou_shore_b, serial_bayou_shore_a
Snake:4:  johnstein_snake_rune_scales, layout_misc_corridors, basic_altar
Slime:1:  layout_caves
Slime:2:  layout_caves
Slime:3:  layout_caves, uniq_dissolution
Slime:4:  layout_caves
Slime:5
Orc:1:    layout_diamond_mine
Orc:2:    st_orc_elflike, layout_caves, nicolae_orc_tapped_out
Vaults:1: nicolae_vaults_alarming, grunt_vaults_hallway_long,
          hangedman_vaults_restitches, nicolae_vaults_triangles,
          hangedman_vaults_slice, layout_vaults_omnigrid
Vaults:2: gammafunk_vaults_ghost_spectres, v_misc_13,
          nicolae_vaults_display_case, v_misc_9, vaults_room_corners,
          nicolae_vaults_stairing_the_circle, v_alt_pattern_5, vaults_dpeg_ring,
          ontoclasm_vaults_eye, grunt_vaults_diagonal, ontoclasm_vaults_pinch,
          layout_vaults_big_room, serial_shops, bzr_firewalk, uniq_frederick,
          uniq_donald
Vaults:3: ontoclasm_vaults_loading_screen, ontoclasm_vaults_tryst,
          ontoclasm_vaults_decontamination, v_rooms_4,
          ontoclasm_vaults_claustrophobia, v_misc_25,
          minmay_crypt_entry_vampire_xt, v_misc_14, grunt_vaults_twisty,
          v_alt_pattern_6, hangedman_vaults_pinch,
          nicolae_vaults_border_crossing, v_misc_8,
          ontoclasm_vaults_loading_screen, layout_vaults_omnibox, serial_shops,
          shop, uniq_sojobo
Vaults:4: v_misc_1, v_misc_33, vaults_room_grid, hangedman_vaults_stitches,
          vaults_room_pools, v_misc_19, nicolae_vaults_yaktaur_gun_rack,
          vaults_room_large_hall, v_rooms_6, nicolae_vaults_sealed_display,
          vaults_room_hallway, v_misc_14, nicolae_vaults_little_squares_4,
          vaults_room_door_ring, ontoclasm_vaults_hangar,
          layout_vaults_big_cross, serial_shops, nicolae_shop_waterfront,
          uniq_margery
Vaults:5: uniq_mennas
Crypt:1:  layout_gridlike, weyrava_ghost_lake, uniq_xtahua
Crypt:2:  layout_misc_corridors, serial_sigils, serial_sigils_hangedman_etch,
          serial_sigils_hangedman_quiver, serial_sigils_hangedman_confine,
          serial_sigils_hangedman_gut, serial_sigils_hangedman_gut,
          corexii_hall_statues_l
Crypt:3:  david_glass_crypt, layout_misc_corridors, tomb_entry_simple_bobbens
Depths:1: minmay_the_grid_octo_2x2 [minmay_the_grid_octo_pinwheel,
          minmay_the_grid_octo_teeth, minmay_the_grid_octo_checkered,
          minmay_the_grid_octo_prize_big_c], layout_honeycomb, enter_ziggurat_f,
          serial_bayou_pond_a, hell_entry, abyss_entry, minmay_hedge_maze,
          eino_small_chamber_without_monster, amcnicky_mini_corridor_feature,
          xom_teletrap_fun
Depths:2: kennysheep_room_grid, layout_cave_pools, minmay_misc_feat_plants,
          hell_entry
Depths:3: minmay_fractal_lines_corner, layout_basic,
          chequers_serial_rivers_large_a, grunt_pan_entry_zigzag, hell_entry,
          serial_shops, shop, minmay_shop_grove, infiniplex_staircase_door_maze
Depths:4: hangedman_cross_cluster, layout_small_grid, hell_entry,
          kennysheep_crisscross, abyss_entry_small_statue_room,
          minmay_door_square, drop_trap, minmay_acid_items
Depths:5: evilmike_zot_entry_gauntlet, layout_honeycomb, pf_coc_iceberg,
          serial_bayou_shore_b, roderic_lattice_octagonal_star
Zot:1:    layout_misc_corridors, hangedman_swamp_dais
Pan:      gammafunk_its_a_trap, layout_grid_shapes, pan_blood_fountain,
          nicolae_pan_double_arrow, layout_irregular_city, evilmike_mini_pan_V,
          layout_cellular_growth, rand_demon_4, layout_onion_city,
          pan_captured_pigsty, evilmike_mini_pan_T, layout_long_grid,
          rand_demon_1, layout_small_grid, lom_lobon, layout_rooms,
          nicolae_pan_cerebovesque_3, gammafunk_dig_for_victory, layout_rooms,
          pan_blood_fountain, gloorx_vloq, layout_long_grid,
          evilmike_mini_pan_V, layout_gridlike, grunt_pan_sceptre, layout_basic,
          pan_blood_fountain_2, nicolae_pan_mnolegish_2, evilmike_mini_pan_3x3,
          layout_gridlike, special_room [special_room_demon_pit],
          evilmike_mnoleg_eyes, layout_cellular_growth,
          pan_blood_fountain_small, lemuel_hellion_island, layout_rooms,
          cerebov_grunt, layout_gridlike, evilmike_holy_pan

Skill      XL: |  1  2  3  4  5  6  7  8  9 10 11 12 13 14 15 16 17 18 19 20 21 22 23 24 25 26 27 |
---------------+----------------------------------------------------------------------------------+-----
Fighting       | 4 5 6 7 9 11 12 14 15 16 18 20 21 22 23 24 25 27 | 27.0
Maces & Flails | 3 4 5 6 8 9 11 13 14 15 16 | 16.0
Invocations    | 5 7 9 18 | 18.2
Shields        | 5 10 12 15 18 21 24 25 | 25.2
Armour         | 7 11 13 15 17 19 20 21 23 24 25 | 25.6
Dodging        | 1 2 |  2.6
Spellcasting   | 13 | 13.8

Action                   |  1- 3 |  4- 6 |  7- 9 | 10-12 | 13-15 | 16-18 | 19-21 | 22-24 | 25-27 || total
-------------------------+-------+-------+-------+-------+-------+-------+-------+-------+-------++-------
Melee: Flail             |   100 |   338 |   415 |   914 |  1813 |  2376 |    82 |       |       ||  6038
       Eveningstar       |       |       |       |       |       |       |  1999 |   971 |  1672 ||  4642
       Morningstar       |       |       |       |       |       |       |       |   940 |  1731 ||  2671
       Headbutt          |       |       |       |       |       |       |       |       |    89 ||    89
Invok: Heroism           |       |       |     1 |     4 |     6 |     8 |     2 |     5 |     1 ||    27
       Finesse           |       |       |       |     1 |     3 |     5 |     2 |     5 |     1 ||    17
       Cleansing Flame   |       |       |       |       |       |       |       |       |    47 ||    47
       Divine Shield     |       |       |       |       |       |       |       |       |     9 ||     9
       Brand Weapon With |       |       |       |       |       |       |       |       |     1 ||     1
       Summon Divine War |       |       |       |       |       |       |       |       |     1 ||     1
 Abil: Fly               |       |       |       |       |     1 |       |       |     1 |     1 ||     3
       Stop Flying       |       |       |       |       |       |       |     1 |       |     1 ||     2
Evoke: Wand              |       |       |       |    12 |     2 |       |       |       |       ||    14
  Use: Scroll            |     8 |     7 |     9 |    11 |    16 |    10 |     9 |    11 |    15 ||    96
       Potion            |       |     2 |     3 |       |     5 |     6 |       |    17 |    18 ||    51
 Stab: Petrified         |       |       |       |       |     7 |       |       |       |       ||     7
       Confused          |       |       |       |       |       |       |       |       |     3 ||     3
Armor: Scale mail        |     3 |       |       |       |       |       |       |       |       ||     3
       Plate armour      |    89 |   306 |   371 |   698 |   945 |  1504 |  1090 |  1473 |       ||  6476
       Crystal plate arm |       |       |       |       |       |       |       |       |  1650 ||  1650
       Gold dragon scale |       |       |       |       |       |       |       |       |   161 ||   161
Dodge: Dodged            |    17 |    44 |   104 |   238 |   404 |   720 |   613 |   604 |   618 ||  3362
Block: Kite shield       |    58 |   196 |   216 |   482 |  1068 |  1804 |  1610 |   609 |       ||  6043
       Tower shield      |       |       |       |       |       |       |       |  1652 |  4360 ||  6012

Table legend: (Time is in decaauts)
 A = Elapsed time spent in this place.
 B = Non-inter-level travel time spent in this place.
 C = Inter-level travel time spent in this place.
 D = Time resting spent in this place.
 E = Time spent auto-exploring this place.
 F = Levels seen in this place.
 G = Mean time per level.
                   A        B        C        D        E       F      G
               +--------+--------+--------+--------+--------+-----+--------+
         Total |  72839 |  68920 |   3919 |  17654 |  29774 |  73 |  997.8 |
       Dungeon |  17893 |  16527 |   1366 |   3680 |   8152 |  15 | 1192.9 |
        Temple |    128 |     97 |     31 |      0 |     82 |   1 |  128.0 |
          Lair |   9906 |   9146 |    760 |   2625 |   4471 |   6 | 1651.0 |
         Swamp |   5718 |   5508 |    210 |   2678 |   1475 |   4 | 1429.5 |
     Snake Pit |   7921 |   7676 |    245 |   2705 |   3136 |   4 | 1980.2 |
    Slime Pits |   1410 |   1313 |     97 |    315 |    443 |   5 |  282.0 |
  Orcish Mines |   2790 |   2722 |     68 |    811 |   1246 |   2 | 1395.0 |
        Vaults |  11742 |  11143 |    599 |   3693 |   3905 |   5 | 2348.4 |
         Crypt |   2717 |   2554 |    163 |     22 |   1537 |   3 |  905.7 |
        Depths |   6389 |   6012 |    377 |    564 |   2966 |   5 | 1277.8 |
           Zot |      1 |      1 |      0 |      0 |      0 |   1 |    1.0 |
         Abyss |   1812 |   1812 |      0 |    105 |    734 |   3 |  604.0 |
   Pandemonium |   3576 |   3576 |      0 |    354 |   1464 |  16 |  223.5 |
        Bazaar |    145 |    145 |      0 |      0 |      0 |   1 |  145.0 |
         Trove |    100 |    100 |      0 |      0 |      0 |   1 |  100.0 |
        Bailey |    585 |    585 |      0 |    100 |    163 |   1 |  585.0 |
               +--------+--------+--------+--------+--------+-----+--------+

Top non-repeatable levels by time:
Vaults:2: 2729 daAuts
  Lair:2: 2404 daAuts
Vaults:4: 2400 daAuts
Vaults:3: 2400 daAuts
  Lair:6: 2372 daAuts
Vaults:5: 2164 daAuts
 Snake:3: 2147 daAuts
 Snake:4: 2085 daAuts
Vaults:1: 2048 daAuts
 Snake:2: 1983 daAuts
     D:3: 1861 daAuts
  Lair:5: 1837 daAuts
 Swamp:2: 1809 daAuts
Depths:1: 1800 daAuts
 Swamp:3: 1758 daAuts
